 Dungeon Crawl Stone Soup version 0.30-a0-800-g7c544603b3 (webtiles) character file.

Game seed: 13194050406567975149

14 sasquatch the Stinger (level 2, -3/19 HPs)
             Began as a Demonspawn Venom Mage on Feb 21, 2023.
             Slain by a gnoll
             ... wielding a +0 club
              (7 damage)
             ... on level 1 of the Dungeon.
             The game lasted 00:02:24 (582 turns).

sasquatch the Stinger (Demonspawn Venom Mage)        Turns: 582, Time: 00:02:25

Health: -3/19      AC:  2    Str:  8    XL:     2   Next: 27%
Magic:  1/5        EV: 12    Int: 16    God:
Gold:   9          SH:  0    Dex: 13    Spells: 2/5 levels left

rFire   . . .      SeeInvis .    c - +0 dagger
rCold   . . .      Faith    .    (no shield)
rNeg    . . .      Spirit   .    a - +0 robe
rPois   .          Reflect  .    (no helmet)
rElec   .          Harm     .    (no cloak)
rCorr   .          Rampage  .    (no gloves)
Will    .....                    (no boots)
Stlth   ++                       (no amulet)
HPRegen 0.23/turn                (no ring)
MPRegen 0.09/turn                (no ring)

@: no status effects
A: powered by death 1
a: no special abilities


You were on level 1 of the Dungeon.
You visited 1 branch of the dungeon, and saw 1 of its levels.

You collected 9 gold pieces.

Inventory:

Hand Weapons
 c - a +0 dagger (weapon)
Armour
 a - a +0 robe (worn)
Potions
 b - a potion of magic
 d - a potion of lignification {unknown}


   Skills:
 - Level 1.7 Dodging
 - Level 1.7 Stealth
 + Level 2.2 Spellcasting
 - Level 0.8 Transmutations
 * Level 3.5 Poison Magic


You had 2 spell levels left.
You knew the following spells:

 Your Spells              Type           Power      Damage    Failure   Level
a - Sting                 Tmut/Pois      32%        1d4       9%          1
b - Poisonous Vapours     Pois/Air       14%        N/A       14%         2

Your spell library contained the following spells:

 Spells                   Type           Power      Damage    Failure   Level
 Mephitic Cloud           Conj/Pois/Air  5%         N/A       36%         3
 Olgreb's Toxic Radiance  Pois           13%        N/A       43%         4


Dungeon Overview and Level Annotations

Branches:
Dungeon (1/15)

Altars:


Innate Abilities, Weirdness & Mutations

You regenerate a little health from kills.


Message History

Aim: a gnoll, wielding a +0 club (72% to hit)
The sting hits the gnoll.
The gnoll is poisoned.
The gnoll is lightly wounded.
The gnoll barely misses you.
Aiming: Sting (safe; 9% risk of failure)
Press: ? - help, Q - select action, (/) - cycle Shift-Dir - straight line, f/p - gnoll
Aim: a gnoll, wielding a +0 club (lightly wounded, poisoned, 72% to hit)
The sting hits the gnoll but does no damage.
The gnoll looks even sicker.
The gnoll is lightly wounded.
The gnoll hits you with a +0 club.
Aiming: Sting (safe; 9% risk of failure)
Press: ? - help, Q - select action, (/) - cycle Shift-Dir - straight line, f/p - gnoll
Aim: a gnoll, wielding a +0 club (lightly wounded, very poisoned, 72% to hit)
The sting misses the gnoll.
The gnoll closely misses you.
Aiming: Sting (safe; 9% risk of failure)
Press: ? - help, Q - select action, (/) - cycle Shift-Dir - straight line, f/p - gnoll
Aim: a gnoll, wielding a +0 club (lightly wounded, very poisoned, 72% to hit)
The sting hits the gnoll.
The gnoll looks even sicker.
The gnoll is moderately wounded.
The gnoll barely misses you. The gnoll attacks as you move away!
The gnoll hits you with a +0 club.
You closely miss the gnoll.
The gnoll is heavily wounded.
The gnoll closely misses you.
You completely miss the gnoll.
The gnoll is severely wounded.
The gnoll hits you with a +0 club.
You hit the gnoll but do no damage.
The gnoll is severely wounded.
The gnoll hits you with a +0 club.
You hit the gnoll but do no damage.
The gnoll is severely wounded.
The gnoll hits you with a +0 club.
* * * LOW HITPOINT WARNING * * *
You hit the gnoll.
The gnoll is almost dead.
The gnoll hits you with a +0 club!
You die...

#########
#...†...#
#.......#
#.......#
#.......###
#.........#
#####@###.######
#g# #......##
#.# ######..####
#.# ##....###
..# ####.... ..#
####. ...# ##
...# ...>.


You could see a gnoll (very poisoned).

Vanquished Creatures
  A ball python (D:1)
  4 bats (D:1)
  A giant cockroach (D:1)
  A hobgoblin (D:1)
  3 kobolds (D:1)
  A quokka (D:1)
  2 rats (D:1)
13 creatures vanquished.

Notes
Turn   | Place    | Note
-------+----------+-------------------------------------------
     0 | D:1      | sasquatch the Demonspawn Venom Mage began the quest for the
                  | Orb.
     0 | D:1      | Reached XP level 1. HP: 13/13 MP: 3/3
   293 | D:1      | Gained mutation: You regenerate a little health from kills.
                  | [demonic ancestry]
   293 | D:1      | Reached XP level 2. HP: 19/19 MP: 0/5
   296 | D:1      | Learned a level 2 spell: Poisonous Vapours
   582 | D:1      | Slain by a gnoll

Illustrated notes

Levels and vault maps discovered:
D:1:      kilobyte_arrival_exit_the_forest, layout_rooms,
          chequers_serial_rivers_marsh

Action                     || total
---------------------------++-------
  Melee: Dagger            ||    16
   Cast: Sting             ||    28
 Armour: Robe              ||    12
  Dodge: Dodged            ||    43

Table legend: (Time is in decaauts)
 A = Elapsed time spent in this place.
 B = Non-inter-level travel time spent in this place.
 C = Inter-level travel time spent in this place.
 D = Time resting spent in this place.
 E = Time spent auto-exploring this place.
 F = Levels seen in this place.
 G = Mean time per level.
                   A        B        C        D        E       F      G
               +--------+--------+--------+--------+--------+-----+--------+
         Total |    585 |    585 |      0 |      2 |    450 |   1 |  585.0 |
       Dungeon |    585 |    585 |      0 |      2 |    450 |   1 |  585.0 |
               +--------+--------+--------+--------+--------+-----+--------+

Top non-repeatable levels by time:
     D:1: 585 daAuts
